 Dungeon Crawl Stone Soup version 0.20-a0-251-g16a58bf (console) character file.

74 nht the Ruffian (level 4, -6/44 HPs)
             Began as a Troll Fighter on Nov 30, 2016.
             Engulfed by a revenant's spectral mist (10 damage)
             ... on level 1 of the Abyss.
             The game lasted 00:03:08 (1369 turns).

nht the Ruffian (Troll Fighter)                     Turns: 1369, Time: 00:03:09

Health: -6/44      AC:  5    Str: 30    XL:     4   Next: 10%
Magic:  3/3        EV:  7    Int:  4    God:
Gold:   129        SH: 10    Dex:  9    Spells: 3/3 levels left

rFire  . . .     SeeInvis .       - Unarmed
rCold  . . .     Gourm    +     a - +0 robe
rNeg   . . .     Faith    .     b - +1 shield
rPois  .         Spirit   .     (helmet restricted)
rElec  .         Reflect  .     (no cloak)
rCorr  .         Harm     .     (gloves unavailable)
MR     .....                    (boots unavailable)
Stlth  +.........               (no amulet)
                                (no ring)
                                (no ring)

@: mighty, drained
A: unfitting armour, claws 3, fast metabolism 3, gourmand, regeneration 1,
shaggy fur 1, tough skin 2
a: no special abilities


You were on level 1 of the Abyss.
You were very full.

You visited 1 branch of the dungeon, and saw 2 of its levels.
You visited the Abyss 1 time.

You collected 129 gold pieces.

Inventory:

Armour
 a - a +0 robe (worn)
 b - a +1 shield (worn)
Jewellery
 j - an uncursed ring of loudness
Scrolls
 f - 3 scrolls of amnesia
 h - a scroll of remove curse
 p - 2 scrolls of random uselessness
Potions
 e - a potion of curing
 g - a potion of ambrosia {unknown}
 k - a potion of invisibility {unknown}
 l - a potion of magic {unknown}
 m - a potion of resistance {unknown}
 o - a potion of flight {unknown}
 r - a potion of agility {unknown}
 t - a potion of heal wounds
Comestibles
 d - 4 bread rations
 i - a meat ration


   Skills:
 - Level 2.4(1.8) Fighting
 - Level 2.4(1.8) Dodging
 - Level 2.4(1.8) Shields
 + Level 4.4(3.8) Unarmed Combat


You had 3 spell levels left.
You didn't know any spells.

Dungeon Overview and Level Annotations

Branches:
Dungeon (2/15)

Altars:

Annotations:
D:2 Crazy Yiuf


Innate Abilities, Weirdness & Mutations

You are too large for most types of armour.
You have claws for hands.
Your metabolism is lightning-fast.
You like to eat raw meat.
Your natural rate of healing is unusually fast.
You are covered in fur. (AC +1)
You have very tough skin. (AC +2)


Message History

The revenant hits you!
You barely miss the revenant.
The revenant is heavily damaged.
You block the revenant's attack.
You mangle the revenant!!
The revenant is severely damaged.
The revenant lashes out with ghostly flames.
The ghostly flame explodes!
The ghostly fireball engulfs you!
You feel drained.
Ouch! That really hurt!
* * * LOW HITPOINT WARNING * * *
The ghostly fireball engulfs the revenant.
The revenant completely resists.
You closely miss the revenant.
The revenant is severely damaged.
The revenant conjures spectral mists around you.
The spectral mist engulfs you!
You claw the revenant!
The revenant is almost destroyed.
You are engulfed in spectral mist.
You die...

. ██.█. .. █...
█ .██
█.█......██ .█.
.. ██.... ..
..██.. . █...█ .
█. ..█. █
█.██.█.███ █ ███
. . .. ....██.
..█ █.█. .
█L...█.███.... █
.█
█.██.█§█§█.█..█
..█ .
█.█...§L@§......
█.██.§§█§█.█..█
.. █§█.██.██..█
.. ███.. █ .██
.█. .██. ███ █
█.


You could see a revenant.

Vanquished Creatures
  4 adders (D:2)
  An ooze (D:2)
  A dart slug (D:1)
  2 giant cockroaches
  4 goblins
  2 hobgoblins
  3 jackals (D:2)
  5 bats
  2 frilled lizards (D:2)
  6 kobolds (D:2)
  2 rats
  2 fungi (D:2)
34 creatures vanquished.

Notes
Turn   | Place    | Note
-------+----------+-------------------------------------------
     0 | D:1      | nht the Troll Fighter began the quest for the Orb.
     0 | D:1      | Reached XP level 1. HP: 22/22 MP: 0/0
   186 | D:1      | Reached XP level 2. HP: 29/29 MP: 1/1
   592 | D:2      | Reached skill level 3 in Unarmed Combat
   705 | D:2      | Reached XP level 3. HP: 27/36 MP: 2/2
   889 | D:2      | Reached skill level 4 in Unarmed Combat
  1050 | D:2      | Reached XP level 4. HP: 44/44 MP: 3/3
  1241 | D:2      | Found a runed door.
  1251 | D:2      | Noticed Crazy Yiuf
  1304 | D:2      | Cast into level 1 of the Abyss (Crazy Yiuf)
  1322 | Abyss:1  | Noticed an air elemental
  1358 | Abyss:1  | Noticed a revenant
  1369 | Abyss:1  | Engulfed by a revenant's spectral mist

Vault maps used:
D:1:      minmay_arrival_arboretum_small
D:2:      uniq_crazy_yiuf_cottage
Abyss:1:  evilmike_abyss_exit_kraken

Skill      XL: |  1  2  3 |
---------------+----------+-----
Unarmed Combat | 3 4 |  4.4
Fighting       | |  2.4
Dodging        | |  2.4
Shields        | |  2.4

Action                   |  1- 3 |  4- 6 || total
-------------------------+-------+-------++-------
Melee: Unarmed           |    94 |    38 ||   132
  Use: Scroll            |       |     7 ||     7
       Potion            |       |     2 ||     2
  Eat: Chunk             |    15 |     2 ||    17
Armor: Robe              |    38 |     1 ||    39
Dodge: Dodged            |    36 |     3 ||    39
Block: Shield            |    50 |     8 ||    58
